 Dungeon Crawl Stone Soup version 0.28.0-47-ge53b351184 (webtiles) character file.

Game seed: 12296069081887625017

74 Bruhh the Magician (level 4, 0/35 HPs)
             Began as a Djinni Cinder Acolyte on Apr 28, 2022.
             Was a High Priest of Ignis.
             Slain by an orc wizard
             ... wielding a +0 dagger
              (1 damage)
             ... on level 3 of the Dungeon.
             The game lasted 00:01:58 (3231 turns).

Bruhh the Magician (Djinni Cinder Acolyte)          Turns: 3231, Time: 00:01:58

Health: 0/35       AC:  2    Str: 13    XL:     4   Next: 52%
Gold:   82         EV: 11    Int: 18    God:    Ignis [*****.] SH:  0 Dex:  8

rFire   + + +      SeeInvis .   a - -1 falchion (flame)
rCold   x . .      Faith    .   (no shield)
rNeg    . . .      Spirit   .   b - +0 robe
rPois   ∞          Reflect  .   (no helmet)
rElec   .          Harm     .   (no cloak)
rCorr   .          Rampage  .   (no gloves)
Will    .....                   (boots unavailable)
Stlth   +.........              (no amulet)
HPRegen 0.11/turn               (no ring)
MPRegen 0.00/turn               (no ring)

@: confused, flying
A: sickness immunity, fire resistance 2, cold vulnerability 1, float, innate
caster, HP casting, extra vitality 1
a: Renounce Religion, Fiery Armour, Foxfire Swarm, Rising Flame


You were on level 3 of the Dungeon.
You worshipped Ignis.
Ignis was extremely pleased with you.
You visited 1 branch of the dungeon, and saw 3 of its levels.

You collected 82 gold pieces.

Inventory:

Hand Weapons
 a - a -1 falchion of flaming (weapon)
Missiles
 i - 4 silver javelins
Armour
 b - a +0 robe (worn)
Scrolls
 c - 2 scrolls of identify {unknown}
 d - a scroll of silence {unknown}
 e - a scroll of summoning {unknown}
 j - a scroll of vulnerability {unknown}
 k - a scroll of enchant weapon {unknown}
Potions
 f - a potion of experience {unknown}
 g - a potion of mutation {unknown}
 h - a potion of ambrosia {unknown}


   Skills:
 - Level 3.0 Fighting
 - Level 2.6 Long Blades
 + Level 3.9 Spellcasting


You had 7 spell levels left.
You knew the following spells:

 Your Spells              Type           Power      Damage    Failure   Level
a - Scorch                Fire           34%        2d6       4%          2
b - Freeze                Ice            68%        1d8       3%          1
Your spell library was empty.

Dungeon Overview and Level Annotations

Branches:
Dungeon (3/15)

Altars:
Uskayaw


Innate Abilities, Weirdness & Mutations

You are immune to sickness and miasma.
You are immune to poison.
Your flesh is very heat resistant. (rF++)
You are vulnerable to cold. (rC-)
You float through the air rather than walking.
You learn spells naturally, not from books.
Your magical power is your life essence.
You have superior vitality. (+4 MHP)


Message History

The orc wizard's fire resistance burns away.
Flames lash the orc but do no damage.
The orc barely misses you.
Flames lash the orc.
You kill the orc!
The orc barely misses you.
The orc wizard gestures at you while chanting.
The puff of flame hits you. You resist.
Flames lash the orc.
The orc is heavily wounded.
The orc's fire resistance burns away.
The orc wizard is no longer more vulnerable to fire.
The orc hits you with a +0 hand axe.
The orc wizard gestures at you while chanting.
You are confused.
The orc is no longer more vulnerable to fire.
The orc wizard hits you with a +0 dagger.
You bump into the rock wall.
The orc wizard hits you with a +0 dagger.
* * * LOW HITPOINT WARNING * * *
You're too confused to move!
The orc wizard hits you with a +0 dagger.
* * * LOW HITPOINT WARNING * * *
You feel less confused.
The orc wizard points at you and mumbles some strange words.
The magic dart hits you!
* * * LOW HITPOINT WARNING * * *
Casting: Scorch (safe; 4% risk of failure)
Confirm with . or Enter, or press ? or * to list all spells.
You don't have enough health to cast this spell.
The orc wizard gestures at you while chanting.
You are confused.
You're too confused to move!
You bump into the rock wall.
You bump into the rock wall.
The orc wizard points at you and mumbles some strange words.
You are more confused.
You bump into the rock wall.
You're too confused to move!
The orc wizard hits you with a +0 dagger.
You die...

# #..##)#
#.# #
#....)# #.#
# # .##.#
#.# # ###.
#.# #>#
.....##.#
#.#
(.....).#
#.#
#####.#o#
#.# #.#o#
#.# # #@#
#.# #.# #.#
#.# #.# #.#
#.#
#.########.#
#..........#
############


You could see an orc wizard and an orc.

Vanquished Creatures
  2 adders (D:2)
  2 worms (D:2)
  2 orcs (D:3)
  2 bats
  5 endoplasms
  A giant cockroach (D:1)
  5 goblins
  5 hobgoblins
  4 jackals (D:2)
  5 ball pythons
  4 frilled lizards
  6 kobolds
  3 rats
46 creatures vanquished.

Notes
Turn   | Place    | Note
-------+----------+-------------------------------------------
     0 | D:1      | Bruhh the Djinni Cinder Acolyte began the quest for the
                  | Orb.
     0 | D:1      | Reached XP level 1. HP: 20/20 MP: 0/0
   199 | D:1      | Reached XP level 2. HP: 25/25 MP: 0/0
  1237 | D:1      | Reached XP level 3. HP: 27/30 MP: 0/0
  1237 | D:1      | Learned a level 1 spell: Freeze
  1284 | D:2      | Found a hide-covered altar of Uskayaw.
  1560 | D:2      | Found a faded altar of an unknown god.
  2159 | D:2      | Reached XP level 4. HP: 26/35 MP: 0/0
  3225 | D:3      | HP: 1/35 [orc wizard/magic dart (8)]
  3231 | D:3      | Slain by an orc wizard

Illustrated notes

Levels and vault maps discovered:
D:1:      amcnicky_arrival_underground_garden, layout_loops_ring
D:2:      layout_basic, ebering_ecumenical_altar_rust, basic_altar
D:3:      layout_loops_ring

Skill      XL: |  1  2 |
---------------+-------+-----
Spellcasting   | 3 |  3.9
Fighting       | |  3.0
Long Blades    | |  2.6

Action                   |  1- 3 |  4- 6 || total
-------------------------+-------+-------++-------
Melee: Falchion          |    23 |       ||    23
 Cast: Scorch            |    32 |    19 ||    51
Armor: Robe              |     5 |     1 ||     6
Dodge: Dodged            |    25 |     2 ||    27
